 Dungeon Crawl Stone Soup version 0.31-a0-765-g67fe2935dc (webtiles) character file.

Game seed: 5935598036965731365

403 thriggle the Sneak (level 7, -2/40 HPs)
             Began as a Kobold Enchanter on Sept 15, 2023.
             Was an Initiate of Yredelemnul.
             Slain by a gnoll
             ... wielding a +0 flail
              (7 damage)
             ... on level 4 of the Dungeon.
             The game lasted 00:13:10 (2920 turns).

thriggle the Sneak (Kobold Enchanter)               Turns: 2920, Time: 00:13:10

Health: -2/40      AC:  4    Str:  7    XL:     7   Next: 11%
Magic:  8/11       EV: 16    Int: 16    God:    Yredelemnul [......]
Gold:   113        SH:  0    Dex: 16    Spells: 6/12 levels left

rFire   + . .        a - +1 dagger
rCold   . . .        (no shield)
rNeg    . . .        x - +1 robe {rF+}
rPois   .            (no helmet)
rElec   .            (no cloak)
rCorr   .            (no gloves)
SInv    .            l - +0 pair of boots
Will    .....        (no amulet)
Stlth   ++++         (no ring)
HPRegen 0.26/turn    (no ring)
MPRegen 0.12/turn

%: no passive effects
@: confusing by touch
A: small, no large weapons, nightstalker 3
a: Renounce Religion, Recall Undead Harvest


You were on level 4 of the Dungeon.
You worshipped Yredelemnul.
Yredelemnul was noncommittal.
You visited 1 branch of the dungeon, and saw 4 of its levels.

You collected 113 gold pieces.

Inventory:

Hand Weapons
 a - a +1 dagger (weapon)
 k - a +0 trident
 w - a +2 flail of protection
Missiles
 m - 22 stones
 y - 6 curare-tipped darts
Armour
 b - a +0 robe
 l - a +0 pair of boots (worn)
 x - a +1 robe of fire resistance (worn)
Jewellery
 d - a ring of see invisible
Scrolls
 f - a scroll of revelation
 i - a scroll of enchant weapon
 j - a scroll of teleportation
 o - a scroll of blinking {unknown}
 p - a scroll of poison {unknown}
 r - a scroll of enchant armour {unknown}
Potions
 c - 2 potions of invisibility
 e - a potion of curing
 g - a potion of resistance {unknown}
 h - a potion of enlightenment {unknown}
 n - a potion of brilliance {unknown}
 q - 3 potions of heal wounds
 t - a potion of degeneration {unknown}
 u - a potion of magic {unknown}
 v - a potion of ambrosia {unknown}


   Skills:
 + Level 2.6 Fighting
 + Level 3.5 Short Blades
 + Level 3.8 Dodging
 + Level 5.3 Stealth
 + Level 3.3 Spellcasting
 + Level 4.0 Hexes
 + Level 2.2 Invocations


You had 6 spell levels left.
You knew the following spells:

 Your Spells              Type           Power      Damage    Failure   Level
a - Confusing Touch       Hex            15%        N/A       11%         3
b - Tukima's Dance        Hex            15%        N/A       11%         3

Your spell library contained the following spells:

 Spells                   Type           Power      Damage    Failure   Level
 Ensorcelled Hibernation  Hex/Ice        18%        N/A       12%         2
 Dazzling Flash           Conj/Hex       18%        N/A       24%         3
 Inner Flame              Hex/Fire       9%         N/A       24%         3
 Yara's Violent Unravell  Hex/Tmut       4%         3d4       91%         5
 Conjure Ball Lightning   Conj/Air       1%         3x3d6     100%        6
 Enfeeble                 Hex            7%         N/A       100%        7
 Discord                  Hex            7%         N/A       100%        8
 Disjunction              Tloc           1%         N/A       100%        8


Dungeon Overview and Level Annotations

Branches:
Dungeon (4/15)
 Temple: D:4-7

Altars:
Yredelemnul

Shops:
D:2 **:(=   D:3 (


Innate Abilities, Weirdness & Mutations

You are small and have problems with some larger weapons.
You are completely attuned to the shadows.


Message History

Magic restored.
There is an open door here.
Found an escape hatch in the ceiling.
A gnoll comes into view. It is wielding a +0 flail.
The gnoll misses you.
There is an open door here.
You hit the gnoll but do no damage. The gnoll closely misses you.
You hit the gnoll but do no damage. The gnoll closely misses you.
You hit the gnoll but do no damage. The gnoll closely misses you.
You hit the gnoll but do no damage. The gnoll misses you.
You hit the gnoll but do no damage. You closely miss the gnoll.
The gnoll hits you with a +0 flail.
You barely miss the gnoll. The gnoll hits you with a +0 flail.
You hit the gnoll.
The gnoll is lightly wounded.
The gnoll hits you with a +0 flail!
You hit the gnoll.
The gnoll is moderately wounded.
The gnoll misses you.
You barely miss the gnoll.
The gnoll is moderately wounded.
You closely miss the gnoll.
The gnoll is moderately wounded.
The gnoll closely misses you.
You hit the gnoll.
The gnoll is severely wounded.
The gnoll hits you with a +0 flail!
You barely miss the gnoll.
The gnoll is severely wounded.
The gnoll hits you with a +0 flail!
* * * LOW HITPOINT WARNING * * *
You barely miss the gnoll.
The gnoll is severely wounded.
The gnoll hits you with a +0 flail.
* * * LOW HITPOINT WARNING * * *
Casting: Confusing Touch (dangerous; 11% risk of failure)
Confirm with . or Enter, or press ? or * to list all spells.
Your hands begin to glow red.
The gnoll hits you with a +0 flail!
You die...
Your body rises from the dead as a mindless zombie.

'...........#..#.....#..
#...........#..'.....#..
#...........#..#.....'..
#......(....#..#.....#..
#......######..#.....#..
#......#...#####.....#..
#......#.......#.....#..
#......#.......#.....#..
#......@.......#.....#..
#......#g..###.#.....#..
#.....###### #########..
#.....# .... #.....#
.... +....<# ....
#.....# #### #######


You could see a gnoll.

Vanquished Creatures
  Grinder (D:3)
  A hound (D:4)
  An iguana (D:3)
  A gnoll (D:4)
  5 adders
  2 worms (D:2)
  9 dart slugs
  3 ball pythons
  3 endoplasms
  2 giant cockroaches
  7 goblins
  4 hobgoblins
  9 jackals
  2 quokkas (D:2)
  2 bats (D:1)
  3 frilled lizards
  9 rats
64 creatures vanquished.

Vanquished Creatures (collateral kills)
  A gnoll (D:4)
  An adder (D:2)
  A dart slug (D:4)
  2 bats (D:2)
  A goblin (D:2)
  A hobgoblin (D:2)
  A jackal (D:3)
  A quokka (D:3)
  A ball python (D:3)
10 creatures vanquished.

Vanquished Creatures (others)
  A gnoll zombie (D:4)
  2 ball python zombies (D:3)
  2 dart slug zombies
  A quokka zombie (D:2)
6 creatures vanquished.

Grand Total: 80 creatures vanquished

Notes
Turn   | Place    | Note
-------+----------+-------------------------------------------
     0 | D:1      | thriggle the Kobold Enchanter began the quest for the Orb.
     0 | D:1      | Reached XP level 1. HP: 10/10 MP: 3/3
   233 | D:1      | Found a faded altar of an unknown god.
   238 | D:1      | Prayed at the altar of an unknown god.
   238 | D:1      | Became a worshipper of Yredelemnul the Dark
   238 | D:1      | Reached * piety under Yredelemnul
   248 | D:1      | Reached XP level 2. HP: 16/16 MP: 5/5
   486 | D:1      | Reached ** piety under Yredelemnul
   502 | D:1      | Reached XP level 3. HP: 18/20 MP: 6/6
   504 | D:1      | Reached *** piety under Yredelemnul
   713 | D:1      | Reached skill level 1 in Fighting
   953 | D:2      | Found Esauwn's Book Shop.
   963 | D:2      | Found Igretrem's General Store.
  1150 | D:2      | Reached XP level 4. HP: 17/25 MP: 7/7
  1156 | D:2      | Found Parreot's Jewellery Shoppe.
  1334 | D:2      | Found Leonab's Weapon Shoppe.
  1402 | D:2      | Found Enuasotu's Assorted Antiques.
  1414 | D:2      | Reached skill level 1 in Invocations
  1420 | D:2      | Learned a level 3 spell: Confusing Touch
  1424 | D:2      | Learned a level 3 spell: Tukima's Dance
  1620 | D:2      | Reached XP level 5. HP: 29/29 MP: 8/8
  1826 | D:3      | Noticed Grinder
  1843 | D:3      | Paralysed by Grinder for 5 turns
  1851 | D:3      | Killed Grinder
  1852 | D:3      | Reached skill level 5 in Stealth
  1852 | D:3      | Reached XP level 6. HP: 2/36 MP: 10/10
  1997 | D:3      | Found Lyusol's Weapon Boutique.
  2471 | D:4      | Reached XP level 7. HP: 40/40 MP: 11/11
  2920 | D:4      | Slain by a gnoll

Illustrated notes

Levels and vault maps discovered:
D:1:      elethiomel_arrival_maze, layout_loops_ring,
          shapermc_ecumenical_altar_starsandcircs
D:2:      layout_basic, serial_shops, nicolae_shop_crystal,
          nicolae_shop_tiny_waterfront, shop, nicolae_shop_peninsula, shop
D:3:      layout_basic, serial_shops, nicolae_shop_bloodbath_and_beyond,
          dk_noncrumbling_4, uniq_grinder
D:4:      kennysheep_slugbush, layout_gridville

Skill      XL: |  1  2  3  4  5  6  7 |
---------------+----------------------+-----
Fighting       | 1 2 |  2.6
Short Blades   | 2 3 |  3.5
Dodging        | 3 |  3.8
Invocations    | 1 2 |  2.2
Stealth        | 5 |  5.3
Spellcasting   | 3 |  3.3
Hexes          | 4 |  4.0

Action                     |  1- 3 |  4- 6 |  7- 9 || total
---------------------------+-------+-------+-------++-------
  Melee: Dagger            |    87 |   132 |    36 ||   255
         Punch             |       |     1 |       ||     1
   Cast: Confusing Touch   |       |     1 |     1 ||     2
 Invoke: Recall Undead Har |       |     1 |     1 ||     2
         Dark Bargain      |       |     1 |       ||     1
    Use: Potion            |     1 |     1 |       ||     2
         Scroll            |       |       |     4 ||     4
   Stab: Sleeping          |    12 |    10 |     4 ||    26
         Distracted        |       |     2 |       ||     2
 Armour: Robe              |    33 |    43 |    12 ||    88
  Dodge: Dodged            |    65 |    89 |    18 ||   172

Table legend: (Time is in decaauts)
 A = Elapsed time spent in this place.
 B = Non-inter-level travel time spent in this place.
 C = Inter-level travel time spent in this place.
 D = Time resting spent in this place.
 E = Time spent auto-exploring this place.
 F = Levels seen in this place.
 G = Mean time per level.
                   A        B        C        D        E       F      G
               +--------+--------+--------+--------+--------+-----+--------+
         Total |   2891 |   2740 |    151 |    144 |   1749 |   4 |  722.8 |
       Dungeon |   2891 |   2740 |    151 |    144 |   1749 |   4 |  722.8 |
               +--------+--------+--------+--------+--------+-----+--------+

Top non-repeatable levels by time:
     D:1: 947 daAuts
     D:3: 787 daAuts
     D:2: 665 daAuts
     D:4: 491 daAuts
